 Dungeon Crawl Stone Soup version 0.29-a0-314-gb00dd7c (webtiles) character file.

Game seed: 7544225486523839907

7068 Remcycle the Impaler (level 11, -11/124 (126) HPs)
             Began as a Merfolk Gladiator on Mar 28, 2022.
             Was a High Priest of Okawaru.
             Mangled by Psyche
             ... wielding a +0 dagger of distortion
              (12 damage)
             ... on level 8 of the Dungeon.
             The game lasted 00:27:10 (10746 turns).

Remcycle the Impaler (Merfolk Gladiator)           Turns: 10746, Time: 00:27:11

HP:   -11/124 (126) AC: 25    Str: 18    XL:     11   Next: 9%
MP:   11/11         EV:  2    Int:  9    God:    Okawaru [*****.]
Gold: 393           SH:  0    Dex: 15    Spells: 10/10 levels left

rFire   . . .      SeeInvis .   s - +0 halberd
rCold   . . .      Faith    .   (shield currently unavailable)
rNeg    . . .      Spirit   .   (body armour currently unavailable)
rPois   +          Reflect  .   (helmet currently unavailable)
rElec   .          Harm     .   (cloak currently unavailable)
rCorr   .          Rampage  .   (gloves currently unavailable)
Will    .....      NoTele   +   (boots currently unavailable)
Stlth   +.........              (no amulet)
HPRegen 0.30/turn               (no ring)
MPRegen 0.12/turn               (no ring)

@: tree-form, lightly drained
A: stationary, stasis, torment immunity, boosted hp, (nimble swimmer 2),
(mertail)
a: Renounce Religion, Heroism, Finesse, Duel


You were on level 8 of the Dungeon.
You worshipped Okawaru.
Okawaru was extremely pleased with you.
You were a tree.
You visited 2 branches of the dungeon, and saw 9 of its levels.

You collected 555 gold pieces.
You spent 162 gold pieces at shops.

Inventory:

Hand Weapons
 s - a +0 halberd (weapon)
 z - a +0 glaive
Missiles
 e - a javelin (quivered)
Armour
 c - a +1 helmet (melded)
 f - a +3 leather armour of cold resistance (melded)
 r - a +2 cloak of stealth (melded)
Wands
 a - a wand of iceblast (9)
 l - a wand of polymorph (8)
Scrolls
 i - a scroll of blinking
 j - 2 scrolls of enchant armour
 k - 2 scrolls of magic mapping
 o - 7 scrolls of teleportation
 u - a scroll of fog
 w - 3 scrolls of enchant weapon
 y - a scroll of brand weapon {unknown}
Potions
 g - a potion of magic
 h - 2 potions of mutation {unknown}
 m - 5 potions of might
 n - a potion of ambrosia {unknown}
 p - 3 potions of lignification {unknown}
 q - a potion of curing
 t - a potion of haste
 B - a potion of attraction {unknown}


   Skills:
 + Level 7.5 Fighting
 + Level 16.1 Polearms
 - Level 2.0 Throwing
 + Level 4.8 Armour
 + Level 9.5 Dodging


You had 10 spell levels left.
You didn't know any spells.
Your spell library contained the following spells:

 Spells                   Type           Power      Damage    Failure   Level
 Sandblast                Erth           0%         2d4       38%         1
 Ensorcelled Hibernation  Hex/Ice        0%         N/A       52%         2
 Passwall                 Tmut/Erth      0%         N/A       52%         2
 Ozocubu's Armour         Ice            0%         N/A       77%         3
 Spider Form              Tmut/Pois      0%         N/A       77%         3
 Stone Arrow              Conj/Erth      0%         3d7       77%         3
 Anguish                  Hex/Necr       0%         N/A       99%         4
 Hailstorm                Conj/Ice       0%         3d3       99%         4
 Ice Form                 Ice/Tmut       0%         N/A       99%         4
 Leda's Liquefaction      Hex/Erth       0%         N/A       99%         4
 Lee's Rapid Deconstruct  Erth           0%         3d5*      100%        5
 Metabolic Englaciation   Hex/Ice        0%         N/A       100%        5
 Statue Form              Tmut/Erth      0%         N/A       100%        6
 Simulacrum               Ice/Necr       Unusable   N/A       N/A         6

Dungeon Overview and Level Annotations

Branches:
Dungeon (8/15)             Temple (1/1) D:4
   Lair: D:8-11

Altars:
Ashenzari
Cheibriados
Dithmenos
Elyvilon
Fedhas
Hepliaklqana
Kikubaaqudgha
Makhleb
Nemelex Xobeh
Okawaru
Qazlal
Ru
Sif Muna
Trog
Uskayaw
Vehumet
Wu Jian
Xom
Yredelemnul
Zin
The Shining One

Shops:
D:4 (:?**

Annotations:
D:8 Psyche


Innate Abilities, Weirdness & Mutations

You are a tree.
Your roots penetrate the ground, keeping you stationary.
You cannot be teleported.
You are immune to unholy pain and torment.
Your maximum health is greatly increased.
Your equipment is partially melded.
((You are very nimble when in or above water. (Stealth+, EV+, Speed+++)))
((Your lower body shifts to a powerful aquatic tail in water.))


Message History

Psyche mumbles some strange words.
A swirling arc of seething chaos appears!
The arc of chaos hits you.
You feel drained.
You feel sick.
You feel sick.
You are no longer poisoned.
Reach: s) +0 halberd
Press: ? - help, Dir - move target, f - Psyche
Aim: Psyche, wielding a +0 dagger of distortion, wearing a +2 robe of resistance and carrying a wand of iceblast (7) (severely wounded, fast, about 41% to evade your +0 halberd)
You reach to attack!
You hit Psyche.
Psyche is severely wounded.
You barely miss Psyche.
Psyche is severely wounded.
Psyche casts a spell at you.
You turn into a tree.
Your +2 cloak of stealth melds into your body.
Your +1 helmet melds into your body.
Your +3 leather armour of cold resistance melds into your body.
You feel less stealthy.
You feel less resistant to cold.
Your roots penetrate the ground.
Psyche hits you but does no damage.
You hit Psyche.
Psyche is almost dead.
Psyche hits you but does no damage. Space warps horribly around you!
* * * LOW HITPOINT WARNING * * *
You hit Psyche.
Psyche is almost dead.
Psyche hits you but does no damage.
Psyche hits you with a +0 dagger of distortion.
* * * LOW HITPOINT WARNING * * *
Space warps horribly around you!!
* * * LOW HITPOINT WARNING * * *
Unknown command.
Okay, then.
You feel better.
Psyche hits you with a +0 dagger of distortion.
* * * LOW HITPOINT WARNING * * *
Space warps horribly around you!
* * * LOW HITPOINT WARNING * * *
Psyche hits you but does no damage. Space warps horribly around you!
You die...

###..........)))........##)##
......##..######.#..........#####
###..###.(# #.................
##)#.###).######.#..........#####
#.###).<............#...##.## .#
##.#..######.#.##...#...###
##.>....# #..............###
##.##.....####.##...#)......#
#†######....♣@..........###.#
#.## ########.........# #.# #.#
#.......#.###.# ##
###...###.....# #...#########
##.##........ #.##.#######
###.##.# #......#


You could see Psyche (fast).

Vanquished Creatures
  Joseph (D:8)
  A kobold demonologist (D:6)
  A hornet (D:8)
  Sigmund (D:5)
  A wyvern (D:7)
  10 yaks
  Eustachio (D:5)
  A steam dragon (D:8)
  A warg (D:6)
  Menkaure (D:7)
  A water moccasin (D:7)
  2 ice beasts (D:6)
  4 orc warriors
  2 black bears
  7 ogres (D:6)
  A centaur (D:5)
  5 kobold brigands
  A bullfrog (D:8)
  A scorpion (D:5)
  2 necrophages
  2 gnoll sergeants (D:6)
  15 howler monkeys
  2 gnoll shamans (D:6)
  11 hounds
  Crazy Yiuf (D:5)
  3 orc priests
  2 iguanas (D:7)
  16 orc wizards
  15 gnolls
  4 adders
  2 shadow imps
  An ufetubus (D:6)
  3 worms
  2 dart slugs
  31 orcs
  9 ball pythons
  6 bats
  An endoplasm (D:1)
  4 giant cockroaches
  13 goblins
  11 hobgoblins
  3 jackals (D:2)
  17 kobolds
  2 quokkas
  2 frilled lizards (D:2)
  4 rats
227 creatures vanquished.

Vanquished Creatures (others)
  A fungus (D:6)
  6 plants
7 creatures vanquished.

Grand Total: 234 creatures vanquished

Notes
Turn   | Place    | Note
-------+----------+-------------------------------------------
     0 | D:1      | Remcycle the Merfolk Gladiator began the quest for the Orb.
     0 | D:1      | Reached XP level 1. HP: 16/16 MP: 1/1
   180 | D:1      | Reached XP level 2. HP: 20/22 MP: 2/2
   194 | D:1      | Reached skill level 5 in Polearms
   513 | D:1      | You fall into a shaft and drop 1 floor!
   517 | D:2      | Reached XP level 3. HP: 27/27 MP: 3/3
   533 | D:2      | Found a burning altar of Makhleb.
   562 | D:2      | Found a faded altar of an unknown god.
  1071 | D:1      | Reached skill level 6 in Polearms
  1514 | D:2      | Reached XP level 4. HP: 26/33 MP: 4/4
  2276 | D:3      | Reached skill level 7 in Polearms
  2973 | D:4      | Found Raelet's Assorted Antiques.
  2979 | D:4      | Bought a bubbling coppery potion for 27 gold pieces
  2979 | D:4      | Bought a scroll labelled MOEPSE TOASCHI for 30 gold pieces
  2979 | D:4      | Bought a pink potion for 27 gold pieces
  2984 | D:4      | Found a staircase to the Ecumenical Temple.
  2990 | D:4      | Found Jotoyh's Magic Scroll Boutique.
  2990 | D:4      | Found Qautoem's Book Emporium.
  3007 | Temple   | Entered the Ecumenical Temple
  3166 | Temple   | Became a worshipper of Warmaster Okawaru
  3293 | D:4      | Bought 3 scrolls of identify for 78 gold pieces
  3322 | D:4      | Reached XP level 5. HP: 38/38 MP: 5/5
  3393 | D:4      | Found Jeni's General Store.
  3418 | D:4      | Reached skill level 8 in Polearms
  3787 | D:4      | Found Liukhlautt's Antique Weapon Emporium.
  4053 | D:5      | Entered Level 5 of the Dungeon
  4122 | D:5      | Reached XP level 6. HP: 25/44 MP: 6/6
  4355 | D:5      | Reached * piety under Okawaru
  4356 | D:5      | Reached skill level 9 in Polearms
  4664 | D:5      | Noticed Sigmund
  4675 | D:5      | Killed Sigmund
  4676 | D:5      | Reached skill level 10 in Polearms
  4676 | D:5      | Reached XP level 7. HP: 21/50 MP: 7/7
  5113 | D:5      | Reached ** piety under Okawaru
  5114 | D:5      | Reached skill level 11 in Polearms
  5522 | D:5      | Noticed Eustachio
  5829 | D:5      | Killed Eustachio
  5830 | D:5      | Reached skill level 12 in Polearms
  5830 | D:5      | Reached XP level 8. HP: 31/56 MP: 8/8
  6127 | D:5      | Found a runed translucent door.
  6128 | D:5      | Noticed Crazy Yiuf
  6141 | D:5      | Killed Crazy Yiuf
  6404 | D:6      | Reached skill level 13 in Polearms
  6415 | D:6      | Reached *** piety under Okawaru
  6765 | D:6      | Reached skill level 14 in Polearms
  7187 | D:6      | Reached skill level 1 in Armour
  7187 | D:6      | Reached XP level 9. HP: 28/62 MP: 9/9
  7280 | D:6      | Reached skill level 5 in Dodging
  7426 | D:6      | Reached **** piety under Okawaru
  7628 | D:6      | Noticed a kobold demonologist
  7822 | D:6      | Noticed a soul eater
  7823 | D:6      | Noticed a sun demon
  7827 | D:6      | Killed a kobold demonologist
  7832 | D:6      | Reached skill level 5 in Fighting
  8052 | D:6      | Reached skill level 15 in Polearms
  8068 | D:6      | Reached XP level 10. HP: 63/74 MP: 8/10
  8572 | D:7      | Reached ***** piety under Okawaru
  8936 | D:7      | Received a gift from Okawaru
  9427 | D:7      | Noticed Menkaure
  9442 | D:7      | Killed Menkaure
 10147 | D:8      | Noticed Joseph
 10166 | D:8      | Killed Joseph
 10167 | D:8      | Reached skill level 16 in Polearms
 10167 | D:8      | Reached XP level 11. HP: 64/84 MP: 11/11
 10189 | D:8      | Paralysed by a hornet for 1 turns
 10696 | D:8      | Noticed Psyche
 10746 | D:8      | HP: 1/124 [Psyche/+0 dagger of distortion (12)]
 10746 | D:8      | Mangled by Psyche

Illustrated notes

Levels and vault maps discovered:
D:1:      minmay_arrival_four_circles, layout_rooms
D:2:      cheibrodos_greedy_goblins, layout_loops_corners, basic_altar,
          hellmonk_ecumenical_altar_lost_god
D:3:      layout_loops_ring
D:4:      layout_rooms, minmay_temple_entry_offerings, serial_shops, shop,
          nicolae_take_the_stairs, shop, nicolae_shop_overgrown_old_shop, shop
D:5:      layout_basic, hex_medium, uniq_crazy_yiuf_cottage, uniq_eustachio,
          uniq_sigmund
D:6:      lemuel_castle_with_subvaults [lemuel_castle_interior_carwin_3],
          layout_loops_ring, minivault_1
D:7:      layout_basic, uniq_menkaure
D:8:      layout_loops_ring, uniq_joseph, uniq_psyche
Temple:   roderic_octagonal_lattice_temple

Skill      XL: |  1  2  3  4  5  6  7  8  9 10 |
---------------+-------------------------------+-----
Polearms       | 5 6 7 8 10 12 14 15 16 | 16.1
Armour         | 1 3 4 |  4.8
Fighting       | 5 7 |  7.5
Dodging        | 7 9 |  9.5
Throwing       | |  2.0

Action                   |  1- 3 |  4- 6 |  7- 9 | 10-12 || total
-------------------------+-------+-------+-------+-------++-------
Melee: Trident           |   105 |   157 |   178 |       ||   440
       Halberd           |       |       |   209 |   333 ||   542
       Tailslap          |       |       |    10 |     2 ||    12
Throw: Throwing net      |       |       |       |     3 ||     3
  Use: Scroll            |       |    12 |     1 |       ||    13
       Potion            |       |       |     2 |     1 ||     3
 Stab: Sleeping          |     2 |     1 |     2 |     1 ||     6
       Distracted        |     1 |     1 |       |       ||     2
Armor: Leather armour    |    22 |    26 |    85 |    56 ||   189
       Skin              |       |       |       |     4 ||     4
Dodge: Dodged            |    73 |    83 |   177 |   141 ||   474

Table legend: (Time is in decaauts)
 A = Elapsed time spent in this place.
 B = Non-inter-level travel time spent in this place.
 C = Inter-level travel time spent in this place.
 D = Time resting spent in this place.
 E = Time spent auto-exploring this place.
 F = Levels seen in this place.
 G = Mean time per level.
                   A        B        C        D        E       F      G
               +--------+--------+--------+--------+--------+-----+--------+
         Total |  10454 |  10138 |    316 |   1802 |   6669 |   9 | 1161.6 |
       Dungeon |  10172 |   9875 |    297 |   1802 |   6435 |   8 | 1271.5 |
        Temple |    281 |    262 |     19 |      0 |    234 |   1 |  281.0 |
               +--------+--------+--------+--------+--------+-----+--------+

Top non-repeatable levels by time:
     D:5: 2272 daAuts
     D:6: 2027 daAuts
     D:2: 1089 daAuts
     D:7: 1066 daAuts
     D:8: 1035 daAuts
     D:3: 954 daAuts
     D:1: 884 daAuts
     D:4: 842 daAuts
  Temple: 281 daAuts
